 Dungeon Crawl Stone Soup version 0.21-a0-509-gecc5317 (webtiles) character file.

291 slep the Slasher (level 6, -2/49 HPs)
             Began as a Barachi Fighter on Nov 30, 2017.
             Splashed by a jelly's acid (8 damage)
             ... on level 4 of the Dungeon.
             The game lasted 00:10:21 (2122 turns).

slep the Slasher (Barachi Fighter)                  Turns: 2122, Time: 00:10:22

Health: -2/49      AC:  0    Str: 19    XL:     6   Next: 32%
Magic:  6/6        EV:  8    Int:  8    God:
Gold:   217        SH:  9    Dex: 12    Spells: 5/5 levels left

rFire    . . .     SeeInvis .   a - +0 long sword
rCold    . . .     Gourm    .   c - +0 shield
rNeg     . . .     Faith    .   b - +0 scale mail
rPois    .         Spirit   .   (no helmet)
rElec    .         Reflect  .   (no cloak)
rCorr    .         Harm     .   n - -1 pair of gloves (curse)
MR       +....                  (no boots)
Stlth    ..........             (no amulet)
HPRegen  0.16/turn              t - +4 ring of protection
MPRegen  0.10/turn              w - ring of protection from magic

@: corroded, slow
A: +LOS, swims, slowness 1, strong legs 1
a: Hop


You were on level 4 of the Dungeon.
You were not hungry.

You visited 1 branch of the dungeon, and saw 4 of its levels.

You collected 217 gold pieces.

Inventory:

Hand Weapons
 a - a +0 long sword (weapon)
Armour
 b - a +0 scale mail (worn)
 c - a +0 shield (worn)
 n - a cursed -1 pair of gloves (worn)
Jewellery
 t - a +4 ring of protection (left hand)
 w - a ring of protection from magic (right hand)
Wands
 q - a wand of random effects (10)
 r - a wand of digging (10)
Scrolls
 e - 6 scrolls of teleportation {unknown}
 g - 4 scrolls of remove curse {unknown}
 i - 3 scrolls of identify {unknown}
 l - 2 scrolls of amnesia {unknown}
 o - 2 scrolls of enchant armour {unknown}
Potions
 d - 2 potions of might
 h - 5 potions of curing
 j - 3 potions of agility {unknown}
 p - a potion of brilliance {unknown}
 s - a potion of haste {unknown}
 v - 2 potions of heal wounds {unknown}
Books
 m - a book of Minor Magic

   Spells                             Type                      Level
   a - Magic Dart                     Conjuration                  1
   b - Blink                          Translocation                2
   c - Call Imp                       Summoning                    2
   d - Slow                           Hexes                        2
   e - Conjure Flame                  Conjuration/Fire             3
   f - Mephitic Cloud                 Conjuration/Poison/Air       3
Comestibles
 f - 2 bread rations
 k - 2 royal jellies
 u - 3 fruits


   Skills:
 + Level 4.4 Fighting
 + Level 5.0 Long Blades
 + Level 4.8 Armour
 + Level 1.6 Dodging
 + Level 4.5 Shields
 + Level 0.5 Evocations


You had 5 spell levels left.
You didn't know any spells.

Dungeon Overview and Level Annotations

Branches:
Dungeon (4/15)
 Temple: D:4-7

Altars:
Zin
The Shining One

Annotations:
D:3 1 runed door


Innate Abilities, Weirdness & Mutations

Shadows flee at your approach. (+LOS)
You can swim through water.
You cover ground slowly.
You can hop short distances.


Message History

You block the orc's attack.
You hit the jelly. The acid corrodes you!
Your hands burn!
The jelly is moderately wounded.
The jelly closely misses you. The orc barely misses you.
You hit the jelly.
Your hands burn!
The jelly is heavily wounded.
You block the jelly's attack. The jelly hits you. The acid corrodes you!
You are splashed with acid!
The acid burns!
* * * LOW HITPOINT WARNING * * *
The orc barely misses you.
You riposte.
You hit the orc but do no damage.
The orc is lightly wounded.
You hit the jelly but do no damage.
Your hands burn!
* * * LOW HITPOINT WARNING * * *
The jelly is heavily wounded.
You block the jelly's attack. The orc hits you with a flail!
* * * LOW HITPOINT WARNING * * *
It was a potion of curing.
You feel better. The jelly hits you.
* * * LOW HITPOINT WARNING * * *
You are splashed with acid!
The acid burns!
You die...

.......### ##
.........##
#.####
.....###..##
.....### ...###
##..##
##.......# ####
##..##
#......... #
###.###........≈
##(..........≈
##..........%
##.@J......≈
#...o......≈
#....(......
#...........
#...........
##..........
##.........
##........
#.......


You could see a jelly and an orc.

Vanquished Creatures
  An iguana (D:4)
  Jessica (D:3)
  Natasha (thrice) (D:2)
  A hound skeleton (D:3)
  4 adders
  An ooze (D:3)
  3 worms
  A dart slug (D:2)
  5 leopard geckos
  6 orcs (D:3)
  3 bats (D:1)
  7 giant cockroaches
  4 goblins (D:2)
  9 hobgoblins
  13 jackals
  8 kobolds
  2 quokkas (D:2)
  2 ball pythons (D:2)
  4 frilled lizards
  A jackal skeleton (D:4)
  A leopard gecko skeleton (D:4)
  11 rats
91 creatures vanquished.

Vanquished Creatures (others)
  An ogre (D:4)
  A centaur skeleton (D:4)
  An adder (D:4)
3 creatures vanquished.

Grand Total: 94 creatures vanquished

Notes
Turn   | Place    | Note
-------+----------+-------------------------------------------
     0 | D:1      | slep the Barachi Fighter began the quest for the Orb.
     0 | D:1      | Reached XP level 1. HP: 18/18 MP: 1/1
   125 | D:1      | Reached XP level 2. HP: 21/25 MP: 2/2
   774 | D:2      | Reached XP level 3. HP: 30/30 MP: 3/3
   885 | D:2      | Found a glowing silver altar of Zin.
   885 | D:2      | Found a glowing golden altar of the Shining One.
  1121 | D:2      | Reached skill level 3 in Long Blades
  1153 | D:2      | Noticed Natasha
  1170 | D:2      | Killed Natasha
  1170 | D:2      | Reached skill level 1 in Dodging
  1170 | D:2      | Reached XP level 4. HP: 19/37 MP: 4/4
  1263 | D:2      | Noticed Natasha
  1270 | D:2      | Killed Natasha
  1270 | D:2      | Reached skill level 4 in Long Blades
  1326 | D:2      | Noticed Natasha
  1339 | D:2      | Killed Natasha
  1339 | D:2      | Reached XP level 5. HP: 22/42 MP: 5/5
  1420 | D:3      | Noticed Jessica
  1471 | D:3      | Killed Jessica
  1654 | D:3      | Reached XP level 6. HP: 42/49 MP: 6/6
  1897 | D:3      | Found a runed door.
  2060 | D:4      | Reached skill level 5 in Long Blades
  2121 | D:4      | HP: 2/49 [orc/flail (8)]
  2122 | D:4      | Splashed by a jelly's acid

Vault maps used:
D:1:      saegor_arrival_under_anarchy, minmay_bisected
D:2:      wad_crossroads, gammafunk_temple_overflow_pools, minmay_heptomino_d4,
          uniq_natasha
D:3:      uniq_jessica, uniq_crazy_yiuf_cottage
D:4:      grunt_temple_overflow_open, gup_sewer_entry_glass, xom_confusion_cloud

Skill      XL: |  1  2  3  4  5  6 |
---------------+-------------------+-----
Fighting       | 4 |  4.4
Long Blades    | 3 4 5 |  5.0
Dodging        | 1 |  1.6
Shields        | 4 |  4.5
Armour         | 4 |  4.8
Evocations     | |  0.5

Action                   |  1- 3 |  4- 6 || total
-------------------------+-------+-------++-------
Melee: Long sword        |   115 |   168 ||   283
Evoke: Wand              |       |    10 ||    10
  Use: Potion            |       |     1 ||     1
  Eat: Chunk             |     2 |     4 ||     6
Armor: Scale mail        |    60 |    93 ||   153
Dodge: Dodged            |    55 |    78 ||   133
Block: Shield            |    76 |   116 ||   192
       Rpst.: Long sword |    14 |    34 ||    48

Table legend:
 A = Spawn XP
 B = Non-spawn XP
 C = Spawn XP percentage of total XP
 D = Spawn monster count
 E = Non-spawn monster count
 F = Spawn count percentage of total count
 G = Total turns spent on level
                    A         B        C        D         E        F      G
               +---------+---------+-------+---------+---------+-------+---------
         Total |       0 |     416 |   0.0 |       0 |      91 |   0.0 |  2122
               +---------+---------+-------+---------+---------+-------+---------
           D:1 |       0 |      27 |   0.0 |       0 |      17 |   0.0 |   761
           D:2 |       0 |     180 |   0.0 |       0 |      35 |   0.0 |   651
           D:3 |       0 |     150 |   0.0 |       0 |      33 |   0.0 |   634
           D:4 |       0 |      59 |   0.0 |       0 |       6 |   0.0 |    76
               +---------+---------+-------+---------+---------+-------+---------
